Map: Torres Crepusculares

Players

Miltreta - Winner!

  • Race: Terran Terran
  • League: Bronze

I.A. 1 (Muito fácil)

  • Race: Terran Terran

VOD

Have the link to the VOD?

Description

Time

  • Played on: March 11, 2016, 8:43 a.m.
  • Length: 20:28
Show
View Real Time Build Order
Export as new Build Order

Miltreta Terran - Winner!

Build Orders:  

Get SALT Encoding   

  12  0:13  SCV  
  13  0:42  Supply Depot  
  13  0:45  SCV  
  14  0:58  SCV  
  15  1:05  Supply Depot  
  15  1:10  SCV  
  16  1:43  Barracks  
  16  2:08  Barracks  
  16  2:19  Refinery  
  16  2:27  Refinery  
  16  2:29  SCV  
  17  2:41  SCV  
  18  2:53  SCV  
  19  3:04  Marine  
  19  3:05  SCV  
  21  3:17  SCV  
  22  3:22  Marine  
  23  3:36  Factory  
  23  4:22  Barracks Tech Lab  
  23  4:41  Factory Reactor  
  24  5:05  Barracks Reactor  
  23  5:13  Reaper  
  24  5:29  Stimpack  
  24  5:45  Reaper  
  25  5:56  Supply Depot  
  25  6:10  Reaper x2  
  27  6:17  Hellion  
  27  6:18  Marauder  
  33  6:25  Hellion  
  33  6:39  Marauder  
  33  6:42  Marine x2  
  35  7:00  Marine  
  36  7:33  Bunker  
  36  7:34  Marine x2  
  38  7:52  Marine  
  38  7:53  Supply Depot  
  39  8:15  Hellion x2  
  42  9:53  SCV  
  42  9:57  Command Center  
  43  10:05  SCV  
  44  10:12  Supply Depot  
  44  10:17  SCV  
  45  10:25  Supply Depot  
  45  10:29  Marine x2  
  45  10:34  Hellion  
  45  10:35  Hellion  
  51  10:47  Marine x2  
  53  10:56  Hellion  
  55  11:03  Refinery  
  55  11:05  Marine  
  56  11:26  Starport  
  54  11:48  Marine x2  
  54  11:52  Widow Mine  
  54  11:53  Widow Mine  
  60  12:03  Marauder  
  60  12:06  Marine x2  
  64  12:18  Supply Depot  
  64  12:24  Marauder  
  66  13:54  Factory  
  66  14:43  Factory Tech Lab  
  68  15:11  Starport Reactor  
  66  15:22  Combat Shields  
  66  16:26  Siege Tank  
  69  16:35  Hellion  
  69  16:36  Hellion  
  69  16:39  Marine  
  73  16:40  Marine  
  73  16:41  Concussive Shells  
  66  16:57  Marine, Hellion  
  66  16:58  Marine, Siege Tank  
  71  17:15  Marine x2  
  73  17:33  Marine x2  
Show
View Real Time Build Order
Export as new Build Order

I.A. 1 (Muito fácil) Terran 

Build Orders:  

Get SALT Encoding   

  12  0:00  SCV  
  13  0:13  SCV  
  14  0:19  Supply Depot  
  14  0:37  Refinery  
  14  0:43  Barracks  
  14  1:02  Supply Depot  
  14  1:12  Refinery  
  14  1:28  SCV  
  15  1:33  Marine  
  16  1:40  SCV  
  17  1:52  SCV  
  18  2:05  Marine, SCV  
  20  2:17  SCV  
  21  2:29  SCV  
  22  2:37  Marine  
  22  2:42  Orbital Command  
  23  5:48  Marine, SCV  
  25  5:50  Supply Depot  
  25  5:51  Factory  
  25  5:55  Command Center  
  25  6:11  SCV  
  25  6:15  Supply Depot  
  26  6:20  Barracks Tech Lab  
  26  6:23  SCV  
  26  6:35  SCV  
  26  6:38  Starport, Marauder  
  27  6:48  SCV  
  28  7:08  SCV  
  28  7:09  Marine  
  28  7:14  Refinery  
  30  7:15  SCV  
  30  7:19  Starport Tech Lab, Refinery  
  31  7:23  SCV  
  32  7:30  SCV  
  33  7:37  SCV  
  33  7:38  Raven  
  33  7:41  Marine  
  37  7:44  SCV  
  38  7:51  SCV  
  39  7:59  SCV  
  40  8:06  SCV  
  40  8:12  Marine  
  41  8:13  SCV  
  43  8:20  SCV  
  43  8:21  Raven  
  46  8:27  SCV  
  47  8:35  SCV  
  48  8:42  SCV  
  49  8:49  SCV  
  50  10:48  Medivac  
  50  10:49  Ghost Academy  
  52  10:51  Supply Depot  
  52  11:18  Medivac  
  54  11:20  Ghost  
  50  11:47  Command Center  
  50  11:48  Marine, Raven  
  53  12:11  Marine  
  54  12:37  Marine  
  55  13:03  Ghost  
  57  13:07  Refinery  
  57  13:13  Refinery  
  57  13:31  Marine  
  58  13:55  Marauder  
  60  16:05  Marine  
  60  16:06  Factory Tech Lab  
  61  16:23  Marine  
  62  16:29  Siege Tank  
  65  16:53  Marine  
  65  17:00  Raven  
  58  17:03  Siege Tank  
  59  17:13  Marine  
  60  17:32  Marauder  
  62  17:49  Command Center  
  62  17:52  Marine  
  59  18:01  Raven  
  56  18:10  Marine  
  57  18:28  Marine  
  54  18:44  Raven  
  54  18:46  Marine  
  57  18:54  Siege Tank  
  52  18:57  Command Center  
  44  19:04  Marine  
  45  19:21  SCV  
  45  19:22  Marine  
  35  19:27  Raven, Siege Tank  
  35  19:28  SCV  
  28  19:35  SCV  
  29  19:40  Marine  
  29  19:43  SCV  
  30  19:50  SCV  
  29  19:57  SCV  
  25  20:04  SCV  
Tags
 
Add a new tag
Caveats
  • Supply blocks, unpowered buildings, or Contaminate may cause inaccurate times.
  • Supply counts are checked every 10 seconds.